 Dungeon Crawl Stone Soup version 0.13-a0-2202-g857913d (webtiles) character file.

285 Kae the Firebug (level 5, -4/28 HPs)
             Began as a Tengu Fire Elementalist on July 2, 2013.
             Slain by an orc
             ... wielding a +0,+0 orcish war axe
              (12 damage)
             ... on Level 3 of the Dungeon.
             The game lasted 00:03:28 (2871 turns).

Kae the Firebug (Tengu Fire Elementalist)           Turns: 2871, Time: 00:03:28

HP  -4/28        AC  2     Str  8      XL: 5   Next: 28%
MP   4/11        EV 12     Int 17      God:
Gold 139         SH  0     Dex 14      Spells:  3 memorised,  2 levels left

Res.Fire  : . . .   See Invis. : .   (no weapon)
Res.Cold  : . . .   Warding    : .   a - +0 robe
Life Prot.: . . .   Conserve   : .   (no shield)
Res.Poison: .       Res.Corr.  : .   (helmet restricted)
Res.Elec. : .       Clarity    : .   (no cloak)
Sust.Abil.: . .     Spirit.Shd : .   (no gloves)
Res.Mut.  : .       Stasis     : .   (boots unavailable)
Res.Rott. : .       Flight     : .   (no amulet)
Saprovore : . . .                    (no ring)
                                     (no ring)

@: slightly resistant to hostile enchantments, fairly stealthy
A: able to fly, beak, talons 3
a: Fly


You were on level 3 of the Dungeon.
You were not hungry.

You visited 1 branch of the dungeon, and saw 3 of its levels.

You collected 119 gold pieces.

Inventory:

Armour
 a - a +0 robe (worn)
Comestibles
 c - 4 bread rations
 i - 15 grapes
 l - a pear
 n - 2 meat rations
Scrolls
 d - 5 scrolls of remove curse {unknown}
 e - 2 scrolls of identify {unknown}
 g - a scroll of blinking {unknown}
 k - a scroll of curse weapon {unknown}
 m - a scroll of fear {unknown}
Jewellery
 j - an uncursed ring of ice {unknown}
 p - a cursed ring of life protection {unknown}
Potions
 f - 2 potions of curing {unknown}
 h - 2 potions of heal wounds {unknown}
 o - a potion of agility {unknown}
Books
 b - a book of Flames

   Spells                             Type                      Level
   *Flame Tongue                      Conjuration/Fire             1
   *Throw Flame                       Conjuration/Fire             2
   *Conjure Flame                     Conjuration/Fire             3
   Inner Flame                        Hexes/Fire                   3
   Sticky Flame                       Conjuration/Fire             4
   Fireball                           Conjuration/Fire             5


   Skills:
 - Level 2.1 Dodging
 - Level 2.0 Stealth
 + Level 2.2 Spellcasting
 * Level 4.0 Conjurations
 * Level 4.8 Fire Magic


You had 2 spell levels left.
You knew the following spells:

 Your Spells              Type           Power        Failure   Level  Hunger
a - Flame Tongue          Conj/Fire      ###..        3%          1    #......
b - Throw Flame           Conj/Fire      ###...       6%          2    ##.....
c - Conjure Flame         Conj/Fire      ###.....     12%         3    ####...


Dungeon Overview and Level Annotations

Branches:
Dungeon (3/27)

Altars:
Okawaru
Trog


Innate Abilities, Weirdness & Mutations

You can fly.
You have a beak for a mouth.
You have claws for feet.


Message History

Casting: Flame Tongue
Confirm with . or Enter, or press ? or * to list all spells.
Aiming: Flame Tongue
Press: ? - help, Shift-Dir - straight line, f/p - orc
Aim: an orc, wielding an orcish war axe and wearing an orcish ring mail (moderately wounded)
The flame hits the orc.
The orc is heavily wounded.
The giant cockroach bites you.
* * * LOW HITPOINT WARNING * * *
The orc barely misses you.
Casting: Flame Tongue
Confirm with . or Enter, or press ? or * to list all spells.
Aiming: Flame Tongue
Press: ? - help, Shift-Dir - straight line, f/p - orc
Aim: an orc, wielding an orcish war axe and wearing an orcish ring mail (heavily wounded)
The flame hits the orc.
The orc appears unharmed.
The orc is heavily wounded.
The giant cockroach bites you but does no damage.
The orc hits you with an orcish war axe!
You die...

..#.##........##.##.##
#.#.##.##.##.###.##.#
#.#.##.##.##.# #....##
#.#......^...# #..#...
#.######...### #....).
#.#####.# #...# ##.##)#
#.......# #...# #.....
##.#.#.######.).#########..
#......#.o@................
.......#....s................
#.#.###.#..............###..
#....<####.#...#.###.##...
####### #.#...#.# #.##.#.
#.#...#.# #.##.#. #.#...#.#
#<..... #.#...#.# ####.##
#..#....# #.#


You could see an orc and a giant cockroach.

Vanquished Creatures
  An orc priest (D:3)
  7 adders
  A worm (D:2)
  4 orcs (D:3)
  5 bats
  2 giant cockroaches (D:3)
  10 goblins
  6 hobgoblins
  2 ball pythons
  A giant gecko (D:2)
  A giant newt (D:2)
  7 kobolds
  5 rats
52 creatures vanquished.

Vanquished Creatures (others)
  An adder (D:2)
  A giant newt (D:1)
2 creatures vanquished.

Grand Total: 54 creatures vanquished

Notes
Turn   | Place    | Note
--------------------------------------------------------------
     0 | D:1      | Kae, the Tengu Fire Elementalist, began the quest for the Orb.
     0 | D:1      | Reached XP level 1. HP: 10/10 MP: 3/3
   247 | D:1      | Reached XP level 2. HP: 9/15 MP: 1/5
   368 | D:1      | Learned a level 2 spell: Throw Flame
   943 | D:2      | Reached XP level 3. HP: 15/19 MP: 0/7
  1381 | D:2      | Found an iron altar of Okawaru.
  1381 | D:2      | Found a bloodstained altar of Trog.
  1728 | D:2      | Reached skill level 4 in Fire Magic
  1773 | D:2      | Reached XP level 4. HP: 24/24 MP: 4/8
  2319 | D:3      | Learned a level 3 spell: Conjure Flame
  2459 | D:3      | Reached XP level 5. HP: 28/28 MP: 3/11
  2871 | D:3      | Slain by an orc

Action                   |  1- 3 |  4- 6 || total
-------------------------+-------+-------++-------
Melee: Unarmed           |    23 |     3 ||    26
 Cast: Flame Tongue      |    56 |    45 ||   101
       Throw Flame       |       |     7 ||     7
